 Dungeon Crawl Stone Soup version 0.24-a0-285-g3c078ff (webtiles) character file.

Game seed: 7870735833880032814

1883 galech the Chopper (level 8, -7/62 HPs)
             Began as a Demonspawn Fighter on May 7, 2019.
             Was a Follower of Okawaru.
             Mangled by an ogre
             ... wielding a +0 giant club
              (17 damage)
             ... on level 6 of the Dungeon.
             The game lasted 00:06:39 (3998 turns).

galech the Chopper (Demonspawn Fighter)             Turns: 3998, Time: 00:06:40

Health: -7/62      AC: 13    Str: 17    XL:     8   Next: 92%
Magic:  0/8        EV:  5    Int: 10    God:    Okawaru [*.....]
Gold:   233        SH:  0    Dex: 14    Spells: 7/7 levels left

rFire    . . .     SeeInvis .   y - +0 hand axe (distort)
rCold    + . .     Gourm    .   o - +2 buckler
rNeg     . . .     Faith    .   b - +0 scale mail
rPois    .         Spirit   +   (no helmet)
rElec    .         Reflect  .   v - -2 cloak (curse)
rCorr    .         Harm     .   n - +2 pair of gloves
MR       .....                  j - +0 pair of boots
Stlth    ..........             D - amulet of magic regeneration
HPRegen  0.20/turn              u - +2 ring of protection
MPRegen  0.36/turn              A - ring of protection from cold

@: held
A: claws 2, large bone plates 1, magic shield
a: Heroism, Renounce Religion


You were on level 6 of the Dungeon.
You worshipped Okawaru.
Okawaru was aware of your devotion.
You were not hungry.

You visited 2 branches of the dungeon, and saw 7 of its levels.

You collected 233 gold pieces.

Inventory:

Hand Weapons
 a - a +0 war axe
 y - a +0 hand axe of distortion (weapon)
Armour
 b - a +0 scale mail (worn)
 c - a +0 shield
 j - a +0 pair of boots (worn)
 n - a +2 pair of gloves (worn)
 o - a +2 buckler (worn)
 v - a cursed -2 cloak (worn)
Jewellery
 u - a +2 ring of protection (left hand)
 A - a ring of protection from cold (right hand)
 D - an amulet of magic regeneration (around neck)
Wands
 t - a wand of polymorph (7)
Scrolls
 e - 2 scrolls of enchant armour {unknown}
 g - 6 scrolls of remove curse {unknown}
 k - 5 scrolls of identify {unknown}
 l - 2 scrolls of enchant weapon {unknown}
 m - a scroll of immolation {unknown}
 p - a scroll of amnesia {unknown}
 q - 4 scrolls of teleportation {unknown}
 r - 3 scrolls of magic mapping {unknown}
 E - a scroll of noise {unknown}
Potions
 d - 6 potions of curing {unknown}
 h - a potion of flight {unknown}
 i - 2 potions of heal wounds {unknown}
 w - a potion of berserk rage {unknown}
 x - 2 potions of haste {unknown}
 z - a potion of degeneration {unknown}
 B - a potion of magic {unknown}
 C - a potion of brilliance {unknown}
Comestibles
 f - 10 rations
 s - 10 chunks of flesh


   Skills:
 + Level 5.1 Fighting
 + Level 6.5 Axes
 + Level 5.5 Armour
 + Level 2.4 Dodging
 + Level 0.2 Stealth
 + Level 5.8 Shields


You had 7 spell levels left.
You didn't know any spells.
Your spell library contained the following spells:

 Spells                   Type           Power        Failure   Level  Hunger
 Magic Dart               Conj           #...         75%         1    ##.....
 Searing Ray              Conj           #.....       87%         2    ###....
 Dazzling Spray           Conj/Hex       #.....       98%         3    ####...
 Force Lance              Conj/Tloc      #.......     100%        4    #####..
 Fulminant Prism          Conj/Hex       #.........   100%        4    #####..
 Iskenderun's Mystic Bla  Conj           #.......     100%        4    #####..


Dungeon Overview and Level Annotations

Branches:
Dungeon (6/15)             Temple (1/1) D:6

Altars:
Ashenzari
Cheibriados
Dithmenos
Elyvilon
Fedhas
Nemelex Xobeh
Okawaru
Qazlal
Ru
Sif Muna
Trog
Uskayaw
Vehumet
Wu Jian
Xom
Yredelemnul
The Shining One


Innate Abilities, Weirdness & Mutations

You have very sharp fingernails.
You are partially covered in large bone plates. (SH +4)
When hurt, damage is shared between your health and your magic reserves.


Message History

The gnoll shaman hits you but does no damage.
The gnoll hits you from afar with a +0 spear. x3
You struggle against the net.
The gnoll hits you from afar with a +0 halberd.
The gnoll hits you. The gnoll hits you but does no damage.
The ogre barely misses you.
The gnoll shaman hits you with a +0 whip!
* * * LOW HITPOINT WARNING * * *
The gnoll hits you but does no damage. x3
The gnoll hits you from afar with a +0 spear.
* * * LOW HITPOINT WARNING * * *
You struggle against the net.
The gnoll hits you but does no damage. The gnoll hits you.
* * * LOW HITPOINT WARNING * * *
The gnoll barely misses you.
The gnoll shaman hits you but does no damage.
The gnoll closely misses you. The gnoll barely misses you.
The gnoll closely misses you. The gnoll hits you but does no damage.
The ogre hits you with a +0 giant club!!
You die...

≈≈≈≈≈≈≈≈≈≈≈≈≈≈≈....≈≈≈≈≈≈≈≈≈≈≈≈≈≈
≈≈≈≈≈≈≈≈≈≈≈≈≈≈≈....≈≈≈≈≈≈≈≈≈≈≈≈≈≈
## ≈≈≈≈≈≈≈....≈≈≈≈≈≈≈≈≈≈≈≈## .
.......................#
#######''''############ #
#######....# # +.....'....+ #
#######.g..# # ##@g## #
....gg)gOgg.... # ....gggggg.....
# .....gggg...... #
............... # #######++######


You could see an ogre, a gnoll shaman and 15 gnolls.

Vanquished Creatures
  Prince Ribbit (Temple)
  Sigmund (D:6)
  A hungry ghost (D:5)
  An ice beast (D:6)
  A centaur (D:6)
  A big kobold (D:6)
  A bullfrog (D:6)
  2 scorpions
  2 crimson imps
  A centaur skeleton (D:4)
  A hound (D:6)
  2 orc priests
  2 bullfrog skeletons (D:6)
  5 orc wizards
  Natasha (thrice) (D:2)
  An iguana (D:4)
  4 worker ants
  A hound skeleton (D:4)
  2 worker ant zombies
  5 adders
  8 gnolls (D:6)
  A shadow imp (D:6)
  2 worms
  2 dart slugs
  A leopard gecko (D:5)
  17 orcs
  A ball python (D:4)
  3 bats (D:3)
  9 giant cockroaches
  6 goblins
  10 hobgoblins
  13 jackals
  10 kobolds
  2 quokkas
  7 frilled lizards
  A jackal skeleton (D:4)
  A leopard gecko skeleton (D:4)
  A quokka skeleton (D:6)
  3 rats
136 creatures vanquished.

Vanquished Creatures (others)
  An ogre (D:4)
  A howler monkey (D:5)
  An orc wizard (D:4)
  2 gnolls (D:6)
  An orc (D:5)
  A jackal (D:4)
7 creatures vanquished.

Grand Total: 143 creatures vanquished

Notes
Turn   | Place    | Note
-------+----------+-------------------------------------------
     0 | D:1      | galech the Demonspawn Fighter began the quest for the Orb.
     0 | D:1      | Reached XP level 1. HP: 18/18 MP: 1/1
   145 | D:1      | Gained mutation: You are partially covered in large bone
                  | plates. (SH +4) [demonic ancestry]
   145 | D:1      | Reached XP level 2. HP: 24/24 MP: 2/2
   513 | D:2      | Reached skill level 2 in Axes
   619 | D:2      | Gained mutation: When hurt, damage is shared between your
                  | health and your magic reserves. [demonic ancestry]
   619 | D:2      | Reached XP level 3. HP: 26/29 MP: 3/3
   933 | D:2      | Noticed Natasha
   941 | D:2      | Killed Natasha
   948 | D:2      | Gained mutation: You have sharp fingernails. [demonic
                  | ancestry]
   948 | D:2      | Reached XP level 4. HP: 33/35 MP: 4/4
   960 | D:2      | Noticed Natasha
   972 | D:2      | Killed Natasha
  1100 | D:2      | Noticed Natasha
  1109 | D:2      | Killed Natasha
  1173 | D:3      | Reached skill level 3 in Axes
  1195 | D:3      | Reached XP level 5. HP: 30/41 MP: 3/5
  1497 | D:3      | You fall through a shaft for 3 floors!
  1506 | D:6      | Noticed Prince Ribbit
  1507 | D:6      | Noticed Sigmund
  1522 | D:6      | Reached skill level 1 in Dodging
  1530 | D:6      | Killed Sigmund
  1530 | D:6      | Reached XP level 6. HP: 23/48 MP: 3/6
  1532 | D:6      | Reached skill level 4 in Axes
  1538 | D:6      | Gained mutation: You have very sharp fingernails. [demonic
                  | ancestry]
  1538 | D:6      | Reached XP level 7. HP: 24/54 MP: 4/7
  1833 | D:6      | Found a staircase to the Ecumenical Temple.
  1845 | Temple   | Entered the Ecumenical Temple
  1878 | Temple   | Killed Prince Ribbit
  1878 | Temple   | Reached skill level 5 in Axes
  1886 | Temple   | Became a worshipper of Warmaster Okawaru
  2169 | D:6      | Found a sparkling altar of Nemelex Xobeh.
  2243 | D:6      | Reached XP level 8. HP: 57/61 MP: 8/8
  2253 | D:5      | Entered Level 5 of the Dungeon
  2864 | D:4      | Reached skill level 5 in Shields
  2901 | D:4      | Reached skill level 6 in Axes
  3395 | D:4      | Reached skill level 5 in Armour
  3742 | D:5      | Reached skill level 5 in Fighting
  3940 | D:6      | Reached * piety under Okawaru
  3998 | D:6      | Mangled by an ogre

Levels and vault maps discovered:
D:1:      psy_arrival_dodecagon, layout_basic
D:2:      layout_rooms, uniq_natasha
D:3:      layout_loops_ring, first_ration, guppyfry_early_orc_mine
D:4:      layout_basic
D:5:      layout_cave_pools
D:6:      lemuel_castle_with_subvaults [lemuel_castle_interior_original],
          layout_rooms, lemuel_coloured_pillars_altar, minmay_temple_entry_mist,
          uniq_prince_ribbit1, uniq_sigmund
Temple:   grunt_wide_crystal_templ

Skill      XL: |  1  2  3  4  5  6  7  8 |
---------------+-------------------------+-----
Shields        | 3 4 5 |  5.8
Axes           | 2 3 4 5 6 |  6.5
Armour         | 3 4 5 |  5.5
Fighting       | 4 5 |  5.1
Dodging        | 1 2 |  2.4
Stealth        | |  0.2

Action                   |  1- 3 |  4- 6 |  7- 9 || total
-------------------------+-------+-------+-------++-------
Melee: War axe           |    94 |   125 |   121 ||   340
       Hand axe          |       |       |   131 ||   131
  Use: Potion            |       |     1 |       ||     1
  Eat: Chunk             |       |     2 |    10 ||    12
Armor: Scale mail        |    42 |    47 |    79 ||   168
Dodge: Dodged            |    24 |    49 |    86 ||   159
Block: Shield            |    54 |       |       ||    54
       Buckler           |    22 |    70 |   139 ||   231

Table legend:
 A = Non-vault XP
 B = Vault XP
 C = Vault XP percentage of total XP
 D = Non-vault monster count
 E = Vault monster count
 F = Vault count percentage of total count
                 A         B        C        D         E       F
            +---------+---------+-------+---------+---------+-------
      Total |    2061 |     629 |  23.4 |     123 |      20 |  14.0
            +---------+---------+-------+---------+---------+-------
        D:1 |      22 |       0 |   0.0 |      13 |       0 |   0.0
        D:2 |     111 |      35 |  24.0 |      16 |       1 |   5.9
        D:3 |     132 |      16 |  10.8 |      29 |       7 |  19.4
        D:4 |     517 |       0 |   0.0 |      25 |       0 |   0.0
        D:5 |     361 |       0 |   0.0 |      13 |       0 |   0.0
        D:6 |     918 |     301 |  24.7 |      27 |      11 |  28.9
     Temple |       0 |     277 | 100.0 |       0 |       1 | 100.0
            +---------+---------+-------+---------+---------+-------
